 Dungeon Crawl Stone Soup version 0.31-a0-142-g31f6795574 (webtiles) character file.

Game seed: 13599736862331525992

274 marky1606 the Slasher (level 6, -3/47 HPs)
             Began as a Demonspawn Wanderer on June 3, 2023.
             Slain by a gnoll
             ... wielding a +0 club
              (5 damage)
             ... on level 4 of the Dungeon.
             The game lasted 00:16:57 (3802 turns).

marky1606 the Slasher (Demonspawn Wanderer)         Turns: 3802, Time: 00:16:58

Health: -3/47      AC:  2    Str: 11    XL:     6   Next: 3%
Magic:  7/7        EV: 15    Int: 12    God:
Gold:   207        SH:  0    Dex: 17    Spells: 7/7 levels left

rFire   + . .        a - +2 falchion
rCold   . . .        (no shield)
rNeg    . . .        i - +0 robe {Will+}
rPois   .            (helmet restricted)
rElec   .            p - scarf {shadows}
rCorr   .            (no gloves)
SInv    .            (no boots)
Will    +....        (no amulet)
Stlth   ++           v - ring of protection from fire
HPRegen 0.27/turn    (no ring)
MPRegen 0.10/turn

%: no passive effects
@: about to teleport
A: antennae 1, repulsion field 1, powered by death 1
a: no special abilities


You were on level 4 of the Dungeon.
You visited 1 branch of the dungeon, and saw 5 of its levels.

You collected 207 gold pieces.

Inventory:

Hand Weapons
 a - a +2 falchion (weapon)
Armour
 e - a +0 robe
 i - a +0 robe of willpower (worn)
 p - a scarf of shadows (worn)
Jewellery
 v - a ring of protection from fire (left hand)
Wands
 c - a wand of polymorph (6) (quivered)
 s - a wand of charming (4)
Scrolls
 g - a scroll of amnesia {unknown}
 j - 2 scrolls of magic mapping {unknown}
 k - a scroll of fog {unknown}
 l - 3 scrolls of identify {unknown}
 n - 2 scrolls of enchant armour {unknown}
 q - a scroll of poison {unknown}
 r - a scroll of butterflies {unknown}
Potions
 b - a potion of lignification {unknown}
 f - a potion of curing {unknown}
 h - a potion of brilliance {unknown}
 m - a potion of attraction {unknown}
 o - a potion of degeneration {unknown}
 t - a potion of ambrosia {unknown}
 u - a potion of heal wounds {unknown}


   Skills:
 * Level 3.0 Fighting
 - Level 1.7(3.4) Short Blades
 + Level 4.5(4.7) Long Blades
 - Level 1.0 Throwing
 * Level 2.8 Dodging
 - Level 1.0 Spellcasting
 - Level 2.0 Evocations


You had 7 spell levels left.
You didn't know any spells.
Your spell library contained the following spells:

 Spells                   Type           Power      Damage    Failure   Level
 Apportation              Tloc           0%         N/A       30%         1
 Necrotise                Necr           0%         1d4       30%         1
 Slow                     Hex            0%         N/A       30%         1
 Summon Small Mammal      Summ           0%         N/A       30%         1
 Confusing Touch          Hex            0%         N/A       65%         3
 Vampiric Draining        Necr           0%         2d6       65%         3


Dungeon Overview and Level Annotations

Branches:
Dungeon (5/15)             Temple (0/1) D:4

Altars:
Xom

Annotations:
D:4 2 transporters, Dowan; Duvessa; Pimp's ghost, amateur HOMo


Innate Abilities, Weirdness & Mutations

You have a pair of small antennae on your head.
You are surrounded by a mild repulsion field. (EV +2)
You regenerate a little health from kills.


Message History

2 gnolls come into view.
The gnoll shouts!
The gnoll shouts!
You hear a shout!
A gnoll comes into view. It is wielding a +0 spear.
You hit the gnoll but do no damage. You slash the gnoll!
The gnoll is heavily wounded.
The gnoll closely misses you.
You closely miss the gnoll.
The gnoll is heavily wounded.
The gnoll hits you with a +0 club.
You barely miss the gnoll.
The gnoll is heavily wounded.
The gnoll hits you with a +0 club.
You slash the gnoll!
You kill the gnoll!
The gnoll completely misses you. The gnoll hits you but does no damage.
You have reached level 6!
You slash the gnoll!
The gnoll is almost dead.
The gnoll closely misses you.
The gnoll hits you from afar with a +0 spear!
You closely miss the gnoll.
The gnoll is almost dead.
The gnoll hits you but does no damage.
The gnoll hits you from afar with a +0 spear!
You barely miss the gnoll.
The gnoll is almost dead.
The gnoll hits you with a +0 club. The gnoll completely misses you.
You closely miss the gnoll.
The gnoll is almost dead.
The gnoll barely misses you.
The gnoll hits you from afar with a +0 spear!
* * * LOW HITPOINT WARNING * * *
The gnoll attacks as you move away! The gnoll hits you with a +0 club.
* * * LOW HITPOINT WARNING * * *
The gnoll attacks as you move away! The gnoll misses you.
As you read the scroll of teleportation, it crumbles to dust.
You feel strangely unstable. The gnoll hits you with a +0 club.
You die...

#.# #.# #.#
#.###.# #.#
#...#.#####.##.
#.#...........#
#...##888#.###.
##.##8...8.#
#.##8.>...#
#.##8...8##
#@###888##
#g#######
#.g....#
######.# #)#
#.# #.. ###


You could see 2 gnolls.

Vanquished Creatures
  A jelly (D:4)
  A hound (D:3)
  Ijyb (D:3)
  An orc wizard (D:3)
  Robin (D:3)
  A gnoll (D:4)
  4 adders
  2 worms
  7 orcs
  3 ball pythons
  7 endoplasms
  3 giant cockroaches
  11 goblins
  9 hobgoblins
  4 jackals
  2 quokkas
  5 bats
  A frilled lizard (D:1)
  8 kobolds
  7 rats
79 creatures vanquished.

Vanquished Creatures (others)
  An orc wizard (D:3)
1 creature vanquished.

Grand Total: 80 creatures vanquished

Notes
Turn   | Place    | Note
-------+----------+-------------------------------------------
     0 | D:1      | marky1606 the Demonspawn Wanderer began the quest for the
                  | Orb.
     0 | D:1      | marky1606 set off with the following items: a +2 falchion,
                  | a +0 short sword, a wand of polymorph (6), a scroll of
                  | teleportation, a +0 robe.
     0 | D:1      | Reached XP level 1. HP: 13/13 MP: 2/2
   199 | D:1      | Reached skill level 3 in Long Blades
   202 | D:1      | Gained mutation: You have a pair of small antennae on your
                  | head. [demonic ancestry]
   202 | D:1      | Reached XP level 2. HP: 15/20 MP: 3/3
  1038 | D:2      | Reached skill level 1 in Fighting
  1164 | D:2      | Gained mutation: You are surrounded by a mild repulsion
                  | field. (EV +2) [demonic ancestry]
  1164 | D:2      | Reached XP level 3. HP: 26/26 MP: 4/4
  2093 | D:3      | Gained mutation: You regenerate a little health from kills.
                  | [demonic ancestry]
  2093 | D:3      | Reached XP level 4. HP: 27/32 MP: 5/5
  2297 | D:3      | Noticed Ijyb
  2303 | D:3      | Reached skill level 4 in Long Blades
  2360 | D:3      | Killed Ijyb
  2361 | D:3      | Reached XP level 5. HP: 29/38 MP: 6/6
  2429 | D:3      | You fall into a shaft and drop 2 floors!
  2429 | D:5      | Entered Level 5 of the Dungeon
  2560 | D:4      | Found a transporter.
  2564 | D:4      | Noticed Pimp's ghost (amateur HOMo)
  2724 | D:3      | Noticed Robin
  2749 | D:3      | Killed Robin
  3378 | D:4      | Found a transporter.
  3409 | D:4      | Noticed Dowan
  3411 | D:4      | Noticed Duvessa
  3581 | D:4      | Found a shimmering altar of Xom.
  3767 | D:4      | Found a staircase to the Ecumenical Temple.
  3792 | D:4      | Reached XP level 6. HP: 38/47 MP: 7/7
  3799 | D:4      | HP: 1/47 [gnoll/+0 club (6)]
  3802 | D:4      | Slain by a gnoll

Illustrated notes

Levels and vault maps discovered:
D:1:      evilmike_arrival_crescent, layout_basic
D:2:      layout_loops_cross
D:3:      kennysheep_six_static_rooms, layout_basic, uniq_ijyb, uniq_robin
D:4:      layout_loops_ring, mainiacjoe_overflow_divided_tiny,
          minmay_temple_entry_statues, gammafunk_ghost_stat_death, uniq_duvessa
D:5:      gammafunk_steamed_eel, layout_layer_cave,
          grunt_temple_overflow_magic_moments, uniq_menkaure,
          uniq_crazy_yiuf_cottage

Skill      XL: |  1  2  3  4  5 |
---------------+----------------+-----
Long Blades    | 3 4 |  4.5
Fighting       | 1 2 3 |  3.0
Dodging        | 2 |  2.8
Short Blades   | |  1.7
Throwing       | |  1.0
Spellcasting   | |  1.0
Evocations     | |  2.0

Action                     |  1- 3 |  4- 6 || total
---------------------------+-------+-------++-------
  Melee: Falchion          |    91 |   167 ||   258
         Punch             |       |     1 ||     1
    Use: Scroll            |       |     2 ||     2
   Stab: Sleeping          |     3 |     4 ||     7
         Distracted        |       |     1 ||     1
 Armour: Robe              |    20 |    19 ||    39
         Skin              |       |     3 ||     3
  Dodge: Dodged            |    60 |   100 ||   160

Table legend: (Time is in decaauts)
 A = Elapsed time spent in this place.
 B = Non-inter-level travel time spent in this place.
 C = Inter-level travel time spent in this place.
 D = Time resting spent in this place.
 E = Time spent auto-exploring this place.
 F = Levels seen in this place.
 G = Mean time per level.
                   A        B        C        D        E       F      G
               +--------+--------+--------+--------+--------+-----+--------+
         Total |   3827 |   3827 |      0 |    875 |      0 |   5 |  765.4 |
       Dungeon |   3827 |   3827 |      0 |    875 |      0 |   5 |  765.4 |
               +--------+--------+--------+--------+--------+-----+--------+

Top non-repeatable levels by time:
     D:3: 1407 daAuts
     D:1: 974 daAuts
     D:2: 791 daAuts
     D:4: 593 daAuts
     D:5: 61 daAuts
